 Dungeon Crawl Stone Soup version 0.30-b1-2-g02819fbbbe (webtiles) character file.

Game seed: 15500833397812423389

475937 LLlMATKO the Executioner (level 23, -8/334 (348) HPs)
             Began as a Minotaur Berserker on Oct 30, 2023.
             Was the Champion of Trog.
             Killed from afar by a deep elf sorcerer (29 damage)
             ... with a bolt of acid
             ... on level 3 of the Elven Halls.
             The game lasted 00:56:45 (40421 turns).

LLlMATKO the Executioner (Minotaur Berserker)      Turns: 40421, Time: 00:56:45

HP:   -8/334 (348)  AC: 40    Str: 37    XL:     23   Next: 62%
MP:   22/22         EV: 17    Int:  4    God:    Trog [******]
Gold: 3684          SH: 20    Dex: 12    Spells: 22/22 levels left

rFire   . . .        U - +7 broad axe "Kodan" {heavy, rC- Str+4}
rCold   . . .        G - +0 kite shield {rC+}
rNeg    . . .        C - +14 plate armour "Vuibb" {Regen+}
rPois   .            r - +0 mask of the Dragon {Will+ Slay+3 SInv}
rElec   .            H - scarf {repulsion}
rCorr   .            R - +1 pair of gloves of Ymyodehu {Dex+2 SInv}
SInv    +            X - +1 pair of boots {rampage}
Will    +++++        N - amulet of reflection Stlth
                     S - ring of willpower
HPRegen 2.55/turn    f - +4 ring of slaying
MPRegen 0.18/turn

%: repel missiles, reflection, rampage
@: berserking (expiring), lethally poisoned (-8 -> -11), strong-willed,
regenerating, lightly drained, very quick
A: horns 2, retaliatory headbutt, devolution 1
}: 2/15 runes: barnacled, gossamer
a: Renounce Religion, Berserk, Trog's Hand, Brothers in Arms


You were on level 3 of the Elven Halls.
You worshipped Trog.
Trog was exalted by your worship.
You visited 8 branches of the dungeon, and saw 39 of its levels.
You visited the Abyss 1 time.
You also visited: Ossuary, Bailey, Ice Cave and Wizlab.

You collected 5921 gold pieces.
You spent 2237 gold pieces at shops.

Inventory:

Hand Weapons
 c - a +2 heavy broad axe
 e - the +9 hand axe of Elitism {heavy, rN+ Will+ rCorr Dex+4 Stlth-}
   (Trog gifted it to you on level 3 of the Lair of Beasts)

   Dex:       It affects your dexterity (+4).
   rN:        It protects you from negative energy.
   rCorr:     It protects you from acid and corrosion.
   Will:      It increases your willpower.
   Stlth:     It makes you less stealthy.
 U - the +7 broad axe "Kodan" (weapon) {heavy, rC- Str+4}
   (Trog gifted it to you on level 2 of the Shoals)

   Str:       It affects your strength (+4).
   rC:        It makes you vulnerable to cold.
Missiles
 q - 16 javelins (quivered)
 y - 71 poisoned darts
 I - 13 curare-tipped darts
 M - 13 throwing nets
Armour
 l - the +2 chain mail of the Saviour {rC++ rN+ Int-2 Stlth+}
   (You found it in a bailey)

   Int:       It affects your intelligence (-2).
   rC:        It greatly protects you from cold.
   rN:        It protects you from negative energy.
   Stlth:     It makes you more stealthy.
 r - the +0 mask of the Dragon (worn) {Will+ Slay+3 SInv}
   (You bought it in a shop on level 3 of the Vaults)

   Slay:      It affects your accuracy & damage with ranged weapons and melee
   (+3).
   SInv:      It lets you see invisible.
   Will:      It increases your willpower.
 C - the +14 plate armour "Vuibb" (worn) {Regen+}
   (You acquired it on level 8 of the Dungeon)

   Regen:     It increases your rate of health regeneration.
 G - a +0 kite shield of cold resistance (worn)
 H - a scarf of repulsion (worn)
 O - a +1 pair of boots of flying
 R - the +1 pair of gloves of Ymyodehu (worn) {Dex+2 SInv}
   (You found it on level 2 of the Vaults)

   Dex:       It affects your dexterity (+2).
   SInv:      It lets you see invisible.
 X - a +1 pair of boots of rampaging (worn)
Jewellery
 f - a +4 ring of slaying (right hand)
 k - a ring of protection from cold
 z - a ring of ice
 J - the ring of Symmetry {Fire Will+ Str+2 Int+3}
   (You found it on level 1 of the Lair of Beasts)

   [ring of fire]

   It enhances your fire magic.
   Str:       It affects your strength (+2).
   Int:       It affects your intelligence (+3).
   rF:        It protects you from fire.
   rC:        It makes you vulnerable to cold.
   Will:      It increases your willpower.
 L - a ring of ice
 N - an amulet of reflection (around neck)
 P - a ring of resist corrosion
 S - a ring of willpower (left hand)
 V - a ring of protection from cold
 W - the amulet of the Gloaming {Spirit rPois Dex+2 Stlth-}
   (You found it on level 11 of the Dungeon)

   [amulet of guardian spirit]

   It causes incoming damage to be divided between your reserves of health and
   magic.
   Dex:       It affects your dexterity (+2).
   rPois:     It protects you from poison.
   Stlth:     It makes you less stealthy.
 Z - an amulet of the acrobat
Wands
 a - a wand of polymorph (19)
 B - a wand of iceblast (30)
 E - a wand of flame (34)
 F - a wand of charming (53)
 T - a wand of mindburst (12)
 Y - a wand of quicksilver (5)
Scrolls
 b - 17 scrolls of teleportation
 d - 24 scrolls of identify
 h - 3 scrolls of blinking
 i - 11 scrolls of fear
 p - 8 scrolls of enchant weapon
 u - 2 scrolls of silence
 v - 6 scrolls of fog
 w - 3 scrolls of magic mapping
 A - 6 scrolls of enchant armour
 K - 4 scrolls of brand weapon
 Q - a scroll of butterflies
Potions
 g - 11 potions of curing
 j - 6 potions of might
 m - 10 potions of cancellation
 n - 13 potions of haste
 o - 6 potions of resistance
 s - 11 potions of flight
 t - 4 potions of ambrosia
 x - 9 potions of heal wounds
 D - 4 potions of invisibility


   Skills:
 + Level 24.4 Fighting
 + Level 24.9 Axes
 + Level 22.3 Armour
 + Level 20.7 Dodging
 + Level 21.8 Shields


You had 22 spell levels left.
You didn't know any spells.
Your spell library was empty.

Dungeon Overview and Level Annotations

Branches:
Dungeon (15/15)            Temple (0/1) D:7            Lair (5/5) D:11
 Shoals (4/4) Lair:3       Spider (4/4) Lair:3        Slime (0/5) Lair:5
    Orc (2/2) D:12            Elf (3/3) Orc:2        Vaults (5/5) D:13
  Crypt (0/3) Vaults:3     Depths (0/4) D:15           Hell (visited)
Ossuary (visited)          Bailey (visited)           IceCv (visited)
 WizLab (visited)
    Dis: Hell:1         Geh: Hell:1         Coc: Hell:1         Tar: Hell:1

Altars:
Cheibriados
Makhleb
Sif Muna
Uskayaw
Wu Jian
Zin
Jiyva

Shops:
D:1 (   D:9 !((*   D:12 [   Orc:1 ?(   Orc:2 *!**   Elf:3 =   Vaults:2 (
Vaults:3 [

Portals:
Hell: Lair:5
Trove: Vaults:2 (give +2 fire dragon scales)

Annotations:
Hell Geryon


Innate Abilities, Weirdness & Mutations

You have a pair of horns on your head.
You reflexively headbutt those who attack you in melee.
You have hidden genetic defects.


Message History

You slice the deep elf high priest like a ripe choko!!!
You kill the deep elf high priest!
Trog accepts your kill.
You feel very sick.
You block the ghostly deep elf elementalist's attack.
The +2 halberd of venom misses you.
Unknown command.
You slice the ghostly deep elf elementalist like a ripe choko!!!!
You destroy the ghostly deep elf elementalist!
Trog accepts your kill.
Trog appreciates your killing of a magic user.
You feel very sick.
The deep elf annihilator gestures wildly while chanting.
The deep elf annihilator blinks!
The deep elf death mage casts a spell at you.
The bolt of negative energy hits you!!
You feel drained.
* * * LOW HITPOINT WARNING * * *
The deep elf archer shoots an arrow.
The arrow barely misses you. The +2 halberd of venom misses you.
Unknown command.
You rampage towards the +2 halberd of venom!
You open the +2 halberd of venom like a pillowcase!!!
The +2 halberd of venom falls from the air.
Trog accepts your kill.
You slice the deep elf archer!!
You feel very sick.
The deep elf pyromancer gestures wildly while chanting.
The deep elf zephyrmancer gestures wildly while chanting.
The deep elf zephyrmancer blinks!
The deep elf archer mumbles some strange words.
The deep elf archer blinks!
The deep elf archer shoots an arrow.
The arrow completely misses you.
Unknown command.
You rampage towards the deep elf archer!
You closely miss the deep elf archer.
Your headbutt misses the deep elf archer.
You feel very sick.
The deep elf sorcerer casts a spell at you.
The bolt of acid hits you!!
You die...

,,,,*,,,,§,***e.....#...,,**
,,,,,,,,,.#* ##.........,**
*,,,,,,,,..###..........**
**,,,,,,☼.§.#..........#*
*,,,,,,,,....e........,,##
,,,,,*,,,.§.)e..)).#,,,..#*
,,,,***,,e...e°§..#**,....**
,,,** **,......).## *#e...,*
,,,,***,,......)@§###.....**
,,,,,*,,,......)e).#§....#*
*,,,,,,,,.....e))).)....#*
**,,,,,,,...#....))....##
*,,,,,,,,..###....).....#*
,,,,,,,,,.#* ##.)))......#*
,,,,*,,,,,,**#......#.....**
,,,***,,,,,,#......###....,**
,,**,**,,,,.......##,*#...,,**


You could see a deep elf death mage (empowered), a deep elf sorcerer
(empowered), a deep elf elementalist (fast, empowered, repels missiles), 2 deep
elf archers and a deep elf pyromancer (empowered).

Vanquished Creatures
  An ancient lich (Vaults:5)
  Mara (Shoals:3)
  Bai Suzhen (Spider:4)
  Saint Roka (Vaults:4)
  Nikola (Vaults:1)
  Jorgrun (Shoals:3)
  4 tentacled monstrosities
  Zenata (Vaults:1)
  Cloud Mage (WizLab)
  A lich (Vaults:1)
  2 deep elf master archers (Elf:3)
  2 deep elf blademasters (Elf:3)
  A kraken (Shoals:3)
  3 sphinxes
  2 tengu reavers
  2 storm dragons
  Roxanne (Elf:1)
  6 deep elf sorcerers (Elf:3)
  6 frost giants
  4 emperor scorpions
  7 deep elf elementalists
  The ghost of enotiy the Grappler, an adept GrFi of Jiyva (Vaults:2)
  12 vault wardens
  2 ghost moths
  A cacodemon (Vaults:2)
  12 ironbound preservers
  9 broodmothers
  3 ironbound thunderhulks
  A quicksilver ooze (shapeshifter) (Vaults:4)
  3 orc warlords
  7 war gargoyles
  18 very ugly things
  3 stone giants
  3 deep elf demonologists (Elf:3)
  Azrael (D:13)
  4 spark wasps
  2 deep elf annihilators (Elf:3)
  A white draconian (IceCv)
  5 deep elf death magi (Elf:3)
  An ettin (Vaults:1)
  2 crystal guardians
  2 merfolk javelineers
  A blizzard demon (WizLab)
  Snorg (Lair:4)
  6 merfolk impalers
  11 yaktaur captains
  8 deep elf high priests
  Harold (Lair:2)
  10 entropy weavers
  A hell beast (Lair:5)
  2 ghost crabs (WizLab)
  8 hydras
  A great orb of eyes (shapeshifter) (Vaults:2)
  28 vault guards
  3 great orbs of eyes
  A jorogumo (Spider:3)
  5 spriggan air magi (WizLab)
  3 alligator snapping turtles
  17 ironbound frosthearts
  7 peacekeepers
  An ogre mage (D:13)
  3 radroaches
  3 merfolk aquamancers
  2 catoblepae
  A two-headed ogre (D:13)
  A merfolk avatar (Shoals:4)
  2 alligators (Shoals:1)
  6 ice dragons (IceCv)
  10 boulder beetles
  31 dancing weapons
  7 centaur warriors
  2 satyrs
  3 death yaks (Lair:1)
  4 deep troll earth magi
  A tengu warrior (D:14)
  7 orc high priests
  A shock serpent (WizLab)
  14 deep elf knights
  8 skysharks
  A shadow wraith (Vaults:4)
  5 pharaoh ants
  8 sea snakes
  A goliath frog (Shoals:1)
  5 sun moths
  2 iron trolls (Vaults:2)
  19 deep trolls
  8 skeletal warriors
  15 orb spiders
  A glowing orange brain (Vaults:2)
  35 harpies
  3 death drakes (WizLab)
  An orange crystal statue (IceCv)
  A steelbarb worm (shapeshifter) (Vaults:2)
  15 ironbound convokers
  9 wizards
  13 deep elf archers
  32 deep elf pyromancers
  2 phantasmal warriors (Vaults:4)
  6 steelbarb worms
  5 lindwurms
  11 orc knights
  22 deep elf zephyrmancers
  A shining eye (shapeshifter) (Elf:3)
  An orc sorcerer (Vaults:4)
  25 wolf spiders
  4 cyclopes
  15 manticores
  A salamander (shapeshifter) (Vaults:2)
  3 fauns (Shoals:2)
  26 ugly things
  2 moths of wrath
  2 apocalypse crabs (WizLab)
  5 black mambas
  3 stone giant skeletons (Vaults:3)
  6 vault sentinels
  A black mamba (shapeshifter) (D:14)
  10 merfolk sirens
  An orange demon (Lair:5)
  4 water nymphs
  5 demonic crawlers
  5 torpor snails
  5 elephants
  An eye of devastation (shapeshifter) (Vaults:2)
  A cane toad (shapeshifter) (Vaults:2)
  9 cane toads
  15 rime drakes
  3 gargoyles
  33 yaktaurs
  2 centaur skeletons (D:13)
  An efreet (D:14)
  A yaktaur (shapeshifter) (Elf:1)
  10 komodo dragons
  3 ice devils (Lair:5)
  A red devil (Lair:5)
  A tengu conjurer (D:14)
  40 merfolk
  3 elf skeletons (Vaults:3)
  Grinder (D:5)
  6 meliai
  A meliai (shapeshifter) (Vaults:2)
  A hellwing (Lair:5)
  6 trolls
  10 polar bears
  A queen bee (Lair:1)
  7 wind drakes
  11 dream sheep
  36 tarantellas
  7 snapping turtles
  9 blink frogs
  36 jumping spiders
  21 slime creatures
  An ettin skeleton (Vaults:3)
  10 water elementals
  30 culicivoras
  15 air elementals
  35 yaks
  2 wraiths
  10 vampire mosquitoes
  A human (shapeshifter) (Vaults:2)
  6 wyverns
  4 basilisks
  A steam dragon (D:8)
  2 fire elementals (D:13)
  41 redbacks
  6 wargs
  3 acid dragons
  5 hell hounds
  17 water moccasins
  45 orc warriors
  2 sky beasts
  2 ice beasts
  6 black bears
  15 wolves
  6 boggarts
  A boggart (shapeshifter) (Vaults:2)
  3 ogres
  10 centaurs
  A phantom (D:5)
  Blork the orc (D:4)
  5 kobold brigands
  16 bullfrogs
  A gnoll sergeant (D:10)
  4 human skeletons (Vaults:3)
  3 scorpions
  4 earth elementals
  6 wights (D:7)
  38 killer bees
  6 howler monkeys
  5 electric eels
  10 lava snakes
  7 hounds
  A jelly (D:7)
  25 orc priests
  Jessica (D:2)
  An iguana (D:4)
  A sleepcap (D:8)
  20 orc wizards
  6 hell rats (Lair:1)
  A mummy (Ossuary)
  5 gnolls
  3 adders
  A worm (D:3)
  A dart slug (D:1)
  80 orcs
  5 ball pythons
  6 endoplasms
  2 giant cockroaches (D:4)
  13 goblins
  4 hobgoblins
  4 jackals (D:1)
  5 quokkas
  7 bats
  5 frilled lizards
  3 gnoll skeletons (Ossuary)
  A jackal zombie (D:7)
  45 kobolds
  5 kobold skeletons (Ossuary)
  17 orc skeletons (Ossuary)
  5 rats
  9 bushes (D:6)
  3 tentacles (Shoals:3)
1656 creatures vanquished.

Vanquished Creatures (collateral kills)
  Mlioglotl (Spider:2)
  A cacodemon (Vaults:2)
  A very ugly thing (Vaults:2)
  A merfolk javelineer (Shoals:4)
  2 merfolk impalers (Shoals:4)
  2 spriggan air magi (WizLab)
  A merfolk aquamancer (Shoals:4)
  A two-headed ogre (D:13)
  A centaur warrior (D:13)
  An orc sorcerer (Orc:2)
  A manticore (Shoals:4)
  An apocalypse crab (WizLab)
  A black mamba (shapeshifter) (Vaults:2)
  2 centaur skeletons (D:13)
  2 yaktaurs (D:13)
  2 wind drakes (WizLab)
  An air elemental (WizLab)
  3 fire elementals (D:13)
  A water elemental (Shoals:4)
  2 hell hounds (D:13)
  4 orc warriors (Orc:2)
  3 ogres
  An electric eel (Spider:2)
  An iguana (shapeshifter) (Vaults:2)
  7 orcs (Orc:2)
44 creatures vanquished.

Vanquished Creatures (others)
  An orc sorcerer (Elf:1)
  3 deep elf pyromancers
  A vault sentinel (Vaults:1)
  A water elemental (Elf:3)
  A jumping spider (Spider:1)
  A kobold (D:10)
  8 fungi
  134 plants
  4 tentacles (Shoals:3)
154 creatures vanquished.

Grand Total: 1854 creatures vanquished

Notes
Turn   | Place    | Note
-------+----------+-------------------------------------------
     0 | D:1      | LLlMATKO the Minotaur Berserker began the quest for the
                  | Orb.
     0 | D:1      | Reached XP level 1. HP: 19/19 MP: 0/0
   162 | D:1      | Reached XP level 2. HP: 26/27 MP: 1/1
   408 | D:1      | Found Heqaav's Weapon Boutique.
   659 | D:2      | Reached XP level 3. HP: 33/33 MP: 2/2
   713 | D:2      | Noticed Jessica
   724 | D:2      | Killed Jessica
   738 | D:2      | Reached ** piety under Trog
  1556 | D:3      | Reached XP level 4. HP: 41/41 MP: 3/3
  2025 | D:3      | Found a snail-covered altar of Cheibriados.
  2445 | D:4      | Noticed a centaur
  2459 | D:4      | Killed a centaur
  2460 | D:4      | Reached XP level 5. HP: 47/47 MP: 4/4
  2627 | D:4      | Reached skill level 5 in Fighting
  2649 | D:4      | Found an ornate altar of the Wu Jian Council.
  2668 | D:4      | Reached skill level 5 in Axes
  2952 | D:4      | Noticed Blork the orc
  2965 | D:4      | Killed Blork the orc
  2966 | D:4      | Reached XP level 6. HP: 40/56 MP: 5/5
  3304 | D:5      | Entered Level 5 of the Dungeon
  3496 | D:5      | Reached skill level 5 in Armour
  3496 | D:5      | Reached XP level 7. HP: 58/62 MP: 6/6
  3637 | D:5      | Noticed Grinder
  3646 | D:5      | Paralysed by Grinder for 3 turns
  3655 | D:5      | Killed Grinder
  3656 | D:5      | Reached skill level 5 in Dodging
  3833 | D:5      | Reached skill level 1 in Shields
  3890 | D:5      | Reached XP level 8. HP: 63/71 MP: 7/7
  5488 | D:7      | Identified 2 scrolls of acquirement
  5488 | D:7      | Acquired a manual of Fighting
  5490 | D:7      | Acquired a +2 heavy broad axe
  5601 | D:7      | Reached XP level 9. HP: 73/81 MP: 8/8
  5616 | D:7      | Found a sand-covered staircase.
  5628 | Ossuary  | Entered an ossuary
  5759 | Ossuary  | Reached *** piety under Trog
  6072 | D:7      | Found a staircase to the Ecumenical Temple.
  6112 | D:7      | Reached skill level 5 in Shields
  6472 | D:8      | Acquired 699 gold pieces
  6474 | D:8      | Acquired a manual of Axes
  6476 | D:8      | Acquired the +14 plate armour "Vuibb" {Regen+}
  6515 | D:8      | Found a flagged portal.
  6545 | Bailey   | Entered a bailey
  6561 | Bailey   | Noticed an orc knight
  6571 | Bailey   | Noticed an orc knight
  6614 | Bailey   | Reached **** piety under Trog
  6625 | Bailey   | Killed an orc knight
  6628 | Bailey   | Killed an orc knight
  6629 | Bailey   | Reached skill level 10 in Fighting
  6629 | Bailey   | Reached XP level 10. HP: 11/93 MP: 9/9
  6976 | Bailey   | Identified the +5 leather armour "Seaxusut" {Will- rCorr
                  | Dex+2 Slay+5}
  6979 | Bailey   | Identified the +2 chain mail of the Saviour {rC++ rN+ Int-2
                  | Stlth+}
  7130 | D:8      | Identified the staff of cold "Wyhuq" {rPois rC+ rCorr}
  7499 | D:8      | Reached skill level 10 in Axes
  7945 | D:9      | Found Balien's Antique Weapon Shop.
  7946 | D:9      | Found Ogrixun's Antique Weapon Boutique.
  7958 | D:9      | Bought a bone broad axe for 198 gold pieces
  7958 | D:9      | Identified the +8 broad axe of Might {protect, Dex+4 SInv}
                  | (You bought it in a shop on level 9 of the Dungeon)
  8057 | D:9      | Found Miwker's Distillery.
  8164 | D:9      | Noticed a manticore
  8169 | D:9      | Killed a manticore
  8199 | D:9      | Found Ciykid's Assorted Antiques.
  8298 | D:9      | Found a burning altar of Makhleb.
  8298 | D:9      | Noticed a balrug
  8301 | D:9      | Identified the +4 mace of Venot {freeze, Dex+3}
  8305 | D:9      | Found a glowing silver altar of Zin.
  8305 | D:9      | Noticed an angel
  8543 | D:10     | Entered Level 10 of the Dungeon
  8613 | D:10     | Noticed a +0 spear
  8692 | D:10     | Found a hide-covered altar of Uskayaw.
  8692 | D:10     | Noticed a +0 falchion
  8694 | D:10     | Noticed a +0 dagger
  8694 | D:10     | Noticed a +0 short sword
  8694 | D:10     | Noticed a +0 spear
  8695 | D:10     | Noticed a +0 dagger
  8695 | D:10     | Noticed a +0 falchion
  8697 | D:10     | Noticed a +0 short sword
  9093 | D:10     | Reached ***** piety under Trog
  9274 | D:11     | Noticed a white ugly thing
  9280 | D:11     | Killed a white ugly thing
  9340 | D:11     | Reached XP level 11. HP: 104/104 MP: 10/10
  9363 | D:11     | Identified the amulet of the Gloaming {Spirit rPois Dex+2
                  | Stlth-}
  9480 | D:11     | Found a staircase to the Lair.
  9656 | D:11     | Reached skill level 10 in Armour
  9924 | Lair:1   | Entered Level 1 of the Lair of Beasts
  9948 | Lair:1   | Noticed a death yak
  9948 | Lair:1   | Noticed a death yak
  9950 | Lair:1   | Noticed a death yak
  9955 | Lair:1   | Killed a death yak
  9956 | Lair:1   | Killed a death yak
  9959 | Lair:1   | Killed a death yak
 10057 | Lair:1   | Reached skill level 10 in Dodging
 10122 | Lair:1   | Found a runed translucent door.
 10213 | Lair:1   | Reached XP level 12. HP: 110/117 MP: 11/11
 10216 | Lair:1   | Received a gift from Trog
 10664 | Lair:1   | Identified the +10 whip "Rehoq" {freeze, rC+ Int+3}
 10667 | Lair:1   | Identified the +0 hat "Willum" {Harm *Slow rCorr Dex+3}
 10668 | Lair:1   | Found a runed translucent gate.
 10668 | Lair:1   | Found a runed translucent gate.
 10668 | Lair:1   | Found a runed translucent gate.
 10668 | Lair:1   | Found a runed translucent gate.
 10668 | Lair:1   | Found a runed translucent gate.
 10668 | Lair:1   | Found a runed translucent gate.
 10668 | Lair:1   | Noticed a boulder beetle
 10668 | Lair:1   | Noticed a boulder beetle
 10685 | Lair:1   | Killed a boulder beetle
 10687 | Lair:1   | Killed a boulder beetle
 10694 | Lair:1   | Reached skill level 10 in Shields
 10712 | Lair:1   | Identified the ring of Symmetry {Fire Will+ Str+2 Int+3}
 10805 | Lair:2   | Reached skill level 15 in Fighting
 10948 | Lair:2   | Reached skill level 15 in Axes
 10948 | Lair:2   | Reached XP level 13. HP: 128/128 MP: 12/12
 10962 | Lair:2   | Noticed Harold
 10971 | Lair:2   | Killed Harold
 11851 | Lair:3   | Found a hole to the Spider Nest.
 11911 | Lair:3   | Identified the +9 hand axe of Elitism {heavy, rN+ Will+
                  | rCorr Dex+4 Stlth-} (Trog gifted it to you on level 3 of
                  | the Lair of Beasts)
 11911 | Lair:3   | Received a gift from Trog
 12070 | Lair:3   | Found a staircase to the Shoals.
 12087 | Lair:3   | Reached XP level 14. HP: 138/138 MP: 13/13
 12707 | Lair:4   | Noticed Snorg
 12714 | Lair:4   | Killed Snorg
 13129 | Lair:5   | Entered Level 5 of the Lair of Beasts
 13517 | Lair:5   | Found a viscous altar of Jiyva.
 13518 | Lair:5   | Found a staircase to the Slime Pits.
 13733 | Lair:5   | Received a gift from Trog
 14136 | Lair:5   | Found a burning altar of Makhleb.
 14179 | Lair:5   | Found a gateway to Hell.
 14430 | D:12     | Found a staircase to the Orcish Mines.
 14812 | D:12     | Found Qacworek's Armour Boutique.
 15266 | Orc:1    | Entered Level 1 of the Orcish Mines
 15417 | Hell     | Entered the Vestibule of Hell
 15426 | Hell     | Noticed Geryon
 15429 | Hell     | Noticed a reaper
 15606 | Orc:1    | Received a gift from Trog
 15664 | Orc:1    | Found Maepudum's Weapon Shoppe.
 15687 | Orc:1    | Noticed an orc warlord
 15704 | Orc:1    | Killed an orc warlord
 16002 | Orc:2    | Entered Level 2 of the Orcish Mines
 16037 | Orc:2    | Acquired 972 gold pieces
 16082 | Orc:1    | Reached XP level 15. HP: 149/149 MP: 14/14
 16087 | Orc:1    | Found Lyuqedur's Magic Scroll Boutique.
 16103 | Orc:1    | Bought a scroll of magic mapping for 105 gold pieces
 16543 | Orc:2    | Found a staircase to the Elven Halls.
 16669 | Orc:2    | Received a gift from Trog
 17010 | Orc:2    | Found Painwu Fymy's Assorted Antiques.
 17013 | Orc:2    | Found Icuwa's General Store.
 17014 | Orc:2    | Found Dohesiz's Assorted Antiques.
 17015 | Orc:2    | Found Xienkaar's Distillery.
 17022 | Orc:2    | Bought a potion of experience for 1300 gold pieces
 17022 | Orc:2    | Reached skill level 15 in Armour
 17022 | Orc:2    | Reached XP level 16. HP: 159/159 MP: 15/15
 17502 | D:13     | Noticed Azrael
 17522 | D:13     | Killed Azrael
 18031 | D:13     | Found a gate to the Vaults.
 18088 | D:14     | Found a frozen archway.
 18108 | IceCv    | Entered an ice cave
 18745 | IceCv    | Received a gift from Trog
 18876 | D:14     | Reached skill level 15 in Shields
 19675 | D:15     | Entered Level 15 of the Dungeon
 19700 | D:15     | Identified the +0 robe "Coeraman" {rElec Int+2 Dex+4}
 19880 | D:15     | Found a staircase to the Depths.
 19891 | D:15     | Reached XP level 17. HP: 150/168 MP: 16/16
 20568 | Shoals:1 | Entered Level 1 of the Shoals
 20655 | Shoals:1 | Reached skill level 15 in Dodging
 21513 | Shoals:2 | Identified the +1 chain mail of the Spider Nest {Dex+3}
 21566 | Shoals:2 | Reached ****** piety under Trog
 21804 | Shoals:2 | Identified the +7 broad axe "Kodan" {heavy, rC- Str+4}
                  | (Trog gifted it to you on level 2 of the Shoals)
 21804 | Shoals:2 | Received a gift from Trog
 22296 | Shoals:3 | Noticed Mara
 22492 | Shoals:3 | Noticed LLlMATKO's illusion
 22492 | Shoals:3 | Killed Mara
 22626 | Shoals:3 | Noticed Jorgrun
 22638 | Shoals:3 | Killed Jorgrun
 22663 | Shoals:3 | Noticed a kraken
 22669 | Shoals:3 | Killed a kraken
 23560 | Shoals:4 | Entered Level 4 of the Shoals
 23611 | Shoals:4 | Received a gift from Trog
 23905 | Shoals:4 | Reached XP level 18. HP: 178/178 MP: 17/17
 23988 | Shoals:4 | Got a barnacled rune of Zot
 24184 | Abyss:1  | Cast into level 1 of the Abyss (merfolk siren)
 24221 | Shoals:4 | Escaped the Abyss
 24411 | Shoals:4 | Identified the ring of the Evil One {Will+ AC+4 Int+2
                  | Slay+2}
 25500 | Spider:1 | Entered Level 1 of the Spider Nest
 25819 | Spider:1 | Received a gift from Trog
 26732 | Spider:2 | Noticed Mlioglotl
 26835 | Spider:2 | Received a gift from Trog
 26941 | Spider:2 | Killed Mlioglotl
 27880 | Spider:3 | Received a gift from Trog
 28266 | Spider:4 | Entered Level 4 of the Spider Nest
 28357 | Spider:4 | Noticed Bai Suzhen
 28369 | Spider:4 | Killed Bai Suzhen
 28370 | Spider:4 | Reached XP level 19. HP: 189/189 MP: 15/18
 28950 | Spider:4 | Received a gift from Trog
 29481 | Spider:4 | Got a gossamer rune of Zot
 29731 | Vaults:1 | Entered Level 1 of the Vaults
 29777 | Vaults:1 | Noticed Nikola
 29807 | Vaults:1 | Killed Nikola
 30141 | Vaults:1 | Received a gift from Trog
 30146 | Vaults:1 | Noticed Zenata
 30215 | Vaults:1 | Killed Zenata
 31083 | Vaults:2 | Reached XP level 20. HP: 121/200 MP: 19/19
 31276 | Vaults:2 | Received a gift from Trog
 31528 | Vaults:2 | Found a runed translucent gate.
 31528 | Vaults:2 | Found a runed translucent gate.
 31529 | Vaults:2 | Found a runed translucent gate.
 31699 | Vaults:2 | Found a portal to a secret trove of treasure.
 31837 | Vaults:2 | Found Ahethru's Antique Weapon Emporium.
 32164 | Vaults:2 | Found a runed translucent gate.
 32164 | Vaults:2 | Found a runed translucent gate.
 32168 | Vaults:2 | Noticed enotiy's ghost (adept GrFi)
 32169 | Vaults:2 | Found a runed translucent gate.
 32195 | Vaults:2 | Killed enotiy's ghost
 32222 | Vaults:2 | Identified the +1 pair of gloves of Ymyodehu {Dex+2 SInv}
 32758 | Vaults:3 | Found a staircase to the Crypt.
 32927 | Vaults:3 | Received a gift from Trog
 33370 | Vaults:3 | Found Xoen's Armour Emporium.
 33378 | Vaults:3 | Bought the +0 mask of the Dragon {Will+ Slay+3 SInv} for
                  | 634 gold pieces
 33378 | Vaults:3 | Found the +0 mask of the Dragon {Will+ Slay+3 SInv}
 33758 | Vaults:3 | Reached XP level 21. HP: 210/210 MP: 20/20
 33883 | Vaults:4 | Found a magical portal.
 33892 | WizLab   | Entered The Chambers of the Cloud Mage
 33897 | WizLab   | Paralysed by an air elemental for 1 turns
 33912 | WizLab   | Paralysed by an air elemental for 1 turns
 33914 | WizLab   | Paralysed by an air elemental for 1 turns
 33917 | WizLab   | Paralysed by an air elemental for 1 turns
 34117 | WizLab   | Reached XP level 22. HP: 220/220 MP: 21/21
 34149 | WizLab   | Paralysed by an air elemental for 1 turns
 34199 | WizLab   | Paralysed by an air elemental for 1 turns
 34233 | WizLab   | Paralysed by an air elemental for 1 turns
 34235 | WizLab   | Paralysed by an air elemental for 1 turns
 34440 | WizLab   | Noticed Qabiolett
 34559 | WizLab   | Killed Qabiolett the Cloud Mage
 35268 | Vaults:4 | Received a gift from Trog
 35542 | Vaults:4 | Noticed Saint Roka
 35569 | Vaults:4 | Killed Saint Roka
 36614 | Vaults:5 | Entered Level 5 of the Vaults
 36626 | Vaults:5 | Noticed an ancient lich
 36631 | Vaults:4 | Received a gift from Trog
 36684 | Vaults:5 | Noticed an ancient lich
 36687 | Vaults:5 | Killed an ancient lich
 36687 | Vaults:5 | Noticed a dread lich
 37006 | Elf:1    | Entered Level 1 of the Elven Halls
 37023 | Elf:1    | Noticed Roxanne
 37028 | Elf:1    | Killed Roxanne
 37729 | Elf:1    | Received a gift from Trog
 37934 | Elf:1    | Reached XP level 23. HP: 213/229 MP: 22/22
 38189 | Elf:2    | Paralysed by an air elemental for 1 turns
 38478 | Elf:2    | Found a huge runed translucent gate.
 38478 | Elf:2    | Found a huge runed translucent gate.
 38479 | Elf:2    | Found a huge runed translucent gate.
 38480 | Elf:2    | Found a huge runed translucent gate.
 38482 | Elf:2    | Found a huge runed translucent gate.
 40046 | Elf:3    | Entered Level 3 of the Elven Halls
 40062 | Elf:3    | Found Woidau Burad's Jewellery Shop.
 40089 | Elf:3    | Paralysed by an air elemental for 1 turns
 40133 | Elf:3    | Paralysed by an air elemental for 1 turns
 40176 | Elf:3    | Gained mutation: You have hidden genetic defects. [a
                  | shining eye]
 40190 | Elf:3    | Found a shimmering blue altar of Sif Muna.
 40196 | Elf:3    | Received a gift from Trog
 40408 | Elf:3    | Identified the +7 hand axe of Gitriux {flame, SInv} (Trog
                  | gifted it to you on level 3 of the Elven Halls)
 40408 | Elf:3    | Received a gift from Trog
 40421 | Elf:3    | Killed from afar by a deep elf sorcerer

Illustrated notes

Levels and vault maps discovered:
D:1:      roderic_dead_forest, layout_rooms, serial_shops,
          nicolae_shop_tiny_glass, hex_large, chequers_big_river,
          minmay_tree_intersection
D:2:      layout_basic, minivault_4, uniq_jessica
D:3:      minmay_skewed_foursquare, layout_loops_ring, slow_altar_1,
          minmay_goblin_kobold_house
D:4:      layout_basic, nzn_wu_jian_contemplation, uniq_blork_the_orc
D:5:      layout_rooms, uniq_grinder
D:6:      layout_loops_corners, abandoned_shop, lexackson_kobold_supper
D:7:      layout_basic, minmay_temple_entry_water_ring, enter_ossuary_3
D:8:      layout_gridville, enter_bailey_5
D:9:      layout_roguey, grunt_temple_overflow_order_and_chaos_2, serial_shops,
          shop, nicolae_shop_dealshenge, nicolae_shop_back_alley_shop, shop,
          uniq_amaemon
D:10:     layout_gridville, nicolae_uskayaw_en_pointe
D:11:     layout_roguey, lair_entry_dummy
D:12:     layout_loops_corners, erik_orc_4, serial_shops, nicolae_shop_crystal
D:13:     layout_basic, hangedman_vaults_entry_quadrant_bands,
          minmay_misc_feat_columns, uniq_azrael
D:14:     layout_loops_corners, kennysheep_boxes,
          portal_ice_cave_entry_pillars_four
D:15:     grunt_enter_depths_giant_problem, layout_basic, fountainhead
Lair:1:   gammafunk_indiana_jones, layout_hall_layers, special_room
          [special_room_bee], st_stairs_4, beast_lair_carwin_5,
          infiniplex_staircase_pool_2
Lair:2:   layout_regular_city, grunt_megastairs_4, serial_bayou_shore_b,
          infiniplex_staircase_pool, serial_bayou_shore_a, uniq_harold
Lair:3:   layout_loops_ring, elwin_shoals_entry_stream, spider_nest_entry_webs,
          grunt_megastairs_5
Lair:4:   layout_misc_corridors, uniq_snorg
Lair:5:   evil_forest, layout_cellular_growth, dpeg_slime_entry_corner,
          nicolae_lair_grazing_beasts [nicolae_sub_lair_graze_edge,
          nicolae_sub_lair_graze_edge, nicolae_sub_lair_graze_edge,
          nicolae_sub_lair_graze_edge], grunt_megastairs_3
Shoals:1: layout_shoals, nicolae_shoals_goliath_grotto
Shoals:2: layout_shoals
Shoals:3: layout_shoals, nicolae_shoals_kraken_intersection, uniq_jorgrun,
          uniq_mara
Shoals:4: shoals_end_grunt_ice, layout_shoals
Spider:1: layout_spider_delve
Spider:2: layout_spider_delve, uniq_mlioglotl
Spider:3: nicolae_spider_hilbert_zone_5 [nicolae_spider_hilbert_3_sides_1_open,
          nicolae_spider_hilbert_4_sides_1_open,
          nicolae_spider_hilbert_4_sides_1_open,
          nicolae_spider_hilbert_6_sides_1_open,
          nicolae_spider_hilbert_6_sides_1_open]
Spider:4: hellmonk_spider_rune_endless_swarm,
          hangedman_spider_tarantella_strand, uniq_bai_suzhen
Orc:1:    layout_caves, serial_shops, shop, shop
Orc:2:    st_orc_pillars, layout_caves
Elf:1:    layout_geoelf_octagon, evilmike_minifort, uniq_roxanne
Elf:2:    elven_hall_of_blades_hangedman_alternative
          [nicolae_blade_entry_crossed_weapons], layout_loops_cross,
          lemuel_flamethrower_2
Elf:3:    minmay_elf_hall_four_x, layout_rooms, serial_shops, shop, basic_altar
Vaults:1: nicolae_vaults_offset_grid_hallway_1, dpeg_vaults_hating_casters,
          nicolae_vaults_circle_grid_b, ontoclasm_vaults_fault, v_alt_pattern_2,
          v_misc_12, nicolae_vaults_tetromino_Z_1,
          nicolae_vaults_trapezoid_lopsided_1, ontoclasm_vaults_idyll,
          ontoclasm_vaults_decontamination, layout_vaults_big_room,
          serial_glass, uniq_zenata, uniq_nikola
Vaults:2: ploomutoo_gammafunk_ghost_potion_laboratory, v_misc_5,
          vaults_room_octagon, nicolae_vaults_heart-shaped_vault,
          nicolae_vaults_security_offices_6, layout_vaults_omnigrid,
          trove_entry_hex_spiral, serial_shops, nicolae_shop_getting_attention
Vaults:3: nicolae_vaults_storage_closets_3, vaults_room_glass_cross,
          nicolae_vaults_meiosis, vaults_standard_mumra_x,
          nicolae_vaults_doubleplus_tesselated, v_rooms_6, grunt_vaults_swirl,
          vaults_room_hallway, grunt_vaults_focal, v_misc_14,
          nicolae_vaults_tetromino_L_1, layout_vaults_omnicross,
          minmay_crypt_entry_skeletal_spiral, serial_shops, shop
Vaults:4: mu_enter_wizlab_3, nicolae_vaults_murder_corner,
          grunt_vaults_diagonal, nicolae_vaults_mini_display_case, v_misc_19,
          vaults_room_grid, nicolae_vaults_little_squares_1,
          nicolae_vaults_more_shelving_1, hangedman_vaults_stitches,
          nicolae_vaults_stairing_the_circle, v_misc_2,
          nicolae_vaults_closet_pinwheel_3, grunt_vaults_hallway_long,
          layout_vaults_omnibox, uniq_saint_roka
Vaults:5: serial_shops
Hell

Skill      XL: |  1  2  3  4  5  6  7  8  9 10 11 12 13 14 15 16 17 18 19 20 21 22 23 |
---------------+----------------------------------------------------------------------+-----
Axes           | 4 5 6 7 9 11 13 15 16 18 19 20 21 22 23 24 | 24.9
Fighting       | 4 5 6 7 10 12 14 16 17 18 19 20 21 22 23 24 | 24.4
Armour         | 3 4 5 7 8 9 11 12 13 14 15 16 17 18 19 20 21 22 | 22.3
Dodging        | 3 4 5 6 7 8 10 11 12 13 14 16 17 18 19 20 | 20.7
Shields        | 1 4 6 7 9 11 13 14 15 16 17 18 19 20 21 | 21.8

Action                     |  1- 3 |  4- 6 |  7- 9 | 10-12 | 13-15 | 16-18 | 19-21 | 22-24 || total
---------------------------+-------+-------+-------+-------+-------+-------+-------+-------++-------
  Melee: Hand axe          |    62 |    91 |   389 |       |       |       |       |       ||   542
         Headbutt          |     9 |    20 |   159 |    45 |    92 |   193 |   160 |    92 ||   770
         Broad axe         |       |       |    84 |   281 |   510 |   867 |   621 |   455 ||  2818
  Throw: Boomerang         |     2 |     5 |     7 |       |       |       |       |       ||    14
         Javelin           |       |       |       |       |     4 |    12 |       |     1 ||    17
 Invoke: Berserk           |       |     2 |     3 |     1 |     4 |     7 |     8 |     8 ||    33
         Trog's Hand       |       |       |       |     3 |     2 |     8 |    10 |     3 ||    26
         Brothers in Arms  |       |       |       |     1 |     3 |     3 |     6 |     1 ||    14
    Use: Scroll            |       |       |    20 |    14 |     2 |     3 |     5 |     4 ||    48
         Potion            |       |       |       |     1 |     1 |       |     2 |       ||     4
   Stab: Distracted        |       |       |       |       |     1 |       |     1 |     1 ||     3
         Petrified         |       |       |       |       |       |     2 |       |       ||     2
 Armour: Plate armour      |    36 |    55 |   121 |   183 |   302 |   560 |   327 |   162 ||  1746
  Dodge: Dodged            |    24 |    39 |    76 |   130 |   193 |   441 |   275 |   167 ||  1345
         Repelled          |       |       |       |       |       |       |     3 |    15 ||    18
  Block: Reflection        |       |       |    12 |    10 |    12 |    53 |    54 |    58 ||   199
         Orb               |       |       |    10 |       |       |       |       |       ||    10
         Buckler           |       |       |    34 |    53 |       |       |       |       ||    87
         Kite shield       |       |       |       |   245 |   529 |   863 |   552 |   360 ||  2549
